TOP OF THE 1ST |
Oakland (APP) Athletics batting - Pitching for Burlington Royals : LHP Danny Mendoza
|
Pitching: LHP Danny Mendoza
|
|
Batting: RHB Danny Murillo
|
0-0: Ball 1-0: Reached on error, E5 (Groundball, 56S, EV 87.5 MPH)
|
Batting: LHB Dave Talbert
|
0-0: Called Strike 0-1: Called Strike Danny Murillo is caught stealing 2nd base 2-6 0-2: Ball 1-2: Strikes out swinging
|
Batting: RHB Stu Rancourt
|
0-0: Called Strike 0-1: Called Strike 0-2: Strikes out looking
|
Top of the 1st over - 0 runs, 0 hits, 1 error, 0 left on base; Oakland (APP) 0 - Burlington 0 |
BOTTOM OF THE 1ST |
Burlington Royals batting - Pitching for Oakland (APP) Athletics : RHP Chris Spice
|
Pitching: RHP Chris Spice
|
|
Batting: RHB Devin Garrett
|
0-0: SINGLE (Groundball, 4MD, EV 106.3 MPH)
|
Batting: RHB Jake Burkhart
|
0-0: Ball Wild Pitch! Devin Garrett to second 1-0: Ground out 4-3 (Groundball, 4, EV 84.4 MPH) Devin Garrett to third
|
Batting: LHB Natanael Frois
|
0-0: Foul Ball, location: 2F 0-1: Foul Ball, location: 2F 0-2: Strikes out looking
|
Batting: LHB Jason Smith
|
0-0: TRIPLE (Flyball, 8LXD, EV 96.3 MPH) Devin Garrett scores
|
Batting: LHB Jason Mills
|
0-0: Ground out 4-3 (Groundball, 4S, EV 90.0 MPH)
|
Bottom of the 1st over - 1 run, 2 hits, 0 errors, 1 left on base; Oakland (APP) 0 - Burlington 1 |
TOP OF THE 2ND |
Oakland (APP) Athletics batting - Pitching for Burlington Royals : LHP Danny Mendoza
|
Batting: LHB Koson Hirai
|
0-0: Foul Ball, location: 2F 0-1: Swinging Strike 0-2: Ball 1-2: Ball 2-2: Ball 3-2: SINGLE (Groundball, 4MD, EV 103.8 MPH)
|
Batting: RHB Javier Garcia
|
0-0: Ball 1-0: Foul Ball, location: 2F 1-1: Swinging Strike 1-2: Fielders Choice at 2nd, 1-4 (Groundball, P, EV 90.6 MPH)
|
Batting: LHB Yoshinari Nara
|
0-0: Ball 1-0: Swinging Strike 1-1: Ball 2-1: Ball 3-1: Base on Balls Javier Garcia to second
|
Batting: RHB Omar Quintana
|
0-0: Ball 1-0: 3-RUN HOME RUN (Flyball, 9LD, EV 96.3 MPH), Distance : 352 ft
|
Batting: LHB Clyde Saxton
|
0-0: Ball 1-0: Ball 2-0: Ball 3-0: Called Strike 3-1: Foul Ball, location: 2F 3-2: Ground out 1-3 (Groundball, 34S, EV 71.3 MPH)
|
Batting: LHB Robert Ibarra
|
0-0: Ball 1-0: Ball 2-0: Ball 3-0: Called Strike 3-1: Base on Balls
|
Batting: RHB Danny Murillo
|
0-0: Called Strike 0-1: Called Strike 0-2: Foul Ball, location: 2F 0-2: Ball 1-2: Strikes out swinging
|
Top of the 2nd over - 3 runs, 2 hits, 0 errors, 1 left on base; Oakland (APP) 3 - Burlington 1 |
BOTTOM OF THE 2ND |
Burlington Royals batting - Pitching for Oakland (APP) Athletics : RHP Chris Spice
|
Batting: RHB Jason Sloan
|
0-0: Ground out 5-3 (Groundball, 56, EV 105.6 MPH)
|
Batting: LHB Jim Hollowell
|
0-0: Called Strike 0-1: Ball 1-1: Ball 2-1: Ball 3-1: Ground out 5-3 (Groundball, 56, EV 87.5 MPH)
|
Batting: LHB Lapaele Keneke
|
0-0: Ball 1-0: Called Strike 1-1: Ball 2-1: Called Strike 2-2: Ball 3-2: Base on Balls
|
Batting: RHB Josh Tull
|
0-0: Ball 1-0: Swinging Strike 1-1: Ball 2-1: Swinging Strike 2-2: Strikes out swinging
|
Bottom of the 2nd over - 0 runs, 0 hits, 0 errors, 1 left on base; Oakland (APP) 3 - Burlington 1 |
TOP OF THE 3RD |
Oakland (APP) Athletics batting - Pitching for Burlington Royals : LHP Danny Mendoza
|
Batting: LHB Dave Talbert
|
0-0: Ball 1-0: Foul Ball, location: 2F 1-1: SOLO HOME RUN (Flyball, 9LD, EV 106.9 MPH), Distance : 330 ft
|
Batting: RHB Stu Rancourt
|
0-0: Called Strike 0-1: Ball 1-1: Swinging Strike 1-2: Ball 2-2: Ground out 4-3 (Groundball, 4S, EV 73.8 MPH)
|
Batting: LHB Koson Hirai
|
0-0: Called Strike 0-1: Called Strike 0-2: Strikes out looking
|
Batting: RHB Javier Garcia
|
0-0: Called Strike 0-1: Ground out 6-3 (Groundball, 6, EV 90.6 MPH)
|
Top of the 3rd over - 1 run, 1 hit, 0 errors, 0 left on base; Oakland (APP) 4 - Burlington 1 |
BOTTOM OF THE 3RD |
Burlington Royals batting - Pitching for Oakland (APP) Athletics : RHP Chris Spice
|
Batting: RHB Devin Garrett
|
0-0: Ground out 5-3 (Groundball, 5, EV 78.8 MPH)
|
Batting: RHB Jake Burkhart
|
0-0: Ball 1-0: Fly out, F3 (Line Drive, 3, EV 65.0 MPH)
|
Batting: LHB Natanael Frois
|
0-0: Ball 1-0: Swinging Strike 1-1: Swinging Strike 1-2: Ball 2-2: Strikes out swinging
|
Bottom of the 3rd over - 0 runs, 0 hits, 0 errors, 0 left on base; Oakland (APP) 4 - Burlington 1 |
TOP OF THE 4TH |
Oakland (APP) Athletics batting - Pitching for Burlington Royals : LHP Danny Mendoza
|
Batting: LHB Yoshinari Nara
|
0-0: Ball 1-0: Foul Ball, location: 2F 1-1: Ball 2-1: Ball 3-1: Base on Balls
|
Batting: RHB Omar Quintana
|
0-0: Called Strike 0-1: Ball 1-1: SINGLE (Groundball, 56D, EV 104.4 MPH) Yoshinari Nara to second
|
Batting: LHB Clyde Saxton
|
0-0: Called Strike Yoshinari Nara steals 3rd base 0-1: Swinging Strike 0-2: Ball 1-2: Strikes out swinging
|
Batting: LHB Robert Ibarra
|
0-0: Ball 1-0: Ball 2-0: Called Strike 2-1: Ball Wild Pitch! Yoshinari Nara scores Omar Quintana to second 3-1: Foul Ball, location: 2F 3-2: Strikes out looking
|
Pitching: LHP Carlos Mestanza
|
|
Batting: RHB Danny Murillo
|
0-0: Swinging Strike 0-1: Ball 1-1: Ball 2-1: Foul Ball, location: 2F 2-2: Ball 3-2: Base on Balls
|
Batting: LHB Dave Talbert
|
0-0: Ball 1-0: Ball 2-0: Foul Ball, location: 2F 2-1: Foul Ball, location: 2F 2-2: Strikes out looking
|
Top of the 4th over - 1 run, 1 hit, 0 errors, 2 left on base; Oakland (APP) 5 - Burlington 1 |
BOTTOM OF THE 4TH |
Burlington Royals batting - Pitching for Oakland (APP) Athletics : RHP Chris Spice
|
Batting: LHB Jason Smith
|
0-0: Called Strike 0-1: Ball 1-1: Ball 2-1: Foul Ball, location: 2F 2-2: Foul Ball, location: 2F 2-2: Foul Ball, location: 2F 2-2: Ball 3-2: Ground out 5-3 (Groundball, 5, EV 78.8 MPH)
|
Batting: LHB Jason Mills
|
0-0: Ball 1-0: Ball 2-0: Ground out 2-3 (Groundball, 2L, EV 71.3 MPH)
|
Batting: RHB Jason Sloan
|
0-0: Ball 1-0: Ball 2-0: Called Strike 2-1: Ground out 6-3 (Groundball, 56, EV 96.9 MPH)
|
Bottom of the 4th over - 0 runs, 0 hits, 0 errors, 0 left on base; Oakland (APP) 5 - Burlington 1 |
TOP OF THE 5TH |
Oakland (APP) Athletics batting - Pitching for Burlington Royals : LHP Carlos Mestanza
|
Batting: RHB Stu Rancourt
|
0-0: Called Strike 0-1: Ball 1-1: Ball 2-1: Ball 3-1: Called Strike 3-2: Ground out 4-3 (Groundball, 34, EV 101.3 MPH)
|
Batting: LHB Koson Hirai
|
0-0: Ball 1-0: Ground out 6-3 (Groundball, 6MD, EV 95.6 MPH)
|
Batting: RHB Javier Garcia
|
0-0: Foul Ball, location: 2F 0-1: Ball 1-1: Ball 2-1: Ball 3-1: Foul Ball, location: 2F 3-2: Foul Ball, location: 2F 3-2: Foul Ball, location: 2F 3-2: Base on Balls
|
Batting: LHB Yoshinari Nara
|
0-0: Foul Ball, location: 2F 0-1: Ball 1-1: Swinging Strike 1-2: Strikes out swinging
|
Top of the 5th over - 0 runs, 0 hits, 0 errors, 1 left on base; Oakland (APP) 5 - Burlington 1 |
BOTTOM OF THE 5TH |
Burlington Royals batting - Pitching for Oakland (APP) Athletics : RHP Chris Spice
|
Batting: LHB Jim Hollowell
|
0-0: Called Strike 0-1: Foul Ball, location: 2F 0-2: Ball 1-2: Ball 2-2: Ball 3-2: Ground out U3 (Groundball, 34, EV 78.1 MPH)
|
Batting: LHB Lapaele Keneke
|
0-0: Ball 1-0: Foul Ball, location: 2F 1-1: Ball 2-1: Ball 3-1: Ground out 5-3 (Groundball, 56, EV 96.9 MPH)
|
Batting: RHB Josh Tull
|
0-0: Called Strike 0-1: Swinging Strike 0-2: Ball 1-2: Strikes out swinging
|
Bottom of the 5th over - 0 runs, 0 hits, 0 errors, 0 left on base; Oakland (APP) 5 - Burlington 1 |
TOP OF THE 6TH |
Oakland (APP) Athletics batting - Pitching for Burlington Royals : LHP Carlos Mestanza
|
Batting: RHB Omar Quintana
|
0-0: Ball 1-0: Ground out 5-3 (Groundball, 5, EV 104.4 MPH)
|
Batting: LHB Clyde Saxton
|
0-0: Foul Ball, location: 2F 0-1: Fly out, F9 (Line Drive, 9D, EV 91.3 MPH)
|
Batting: LHB Robert Ibarra
|
0-0: SINGLE (Groundball, 4D, EV 106.3 MPH)
|
Batting: RHB Danny Murillo
|
0-0: Ball 1-0: Called Strike 1-1: Called Strike 1-2: Foul Ball, location: 2F 1-2: Ground out 5-3 (Groundball, 5S, EV 68.1 MPH)
|
Top of the 6th over - 0 runs, 1 hit, 0 errors, 1 left on base; Oakland (APP) 5 - Burlington 1 |
BOTTOM OF THE 6TH |
Burlington Royals batting - Pitching for Oakland (APP) Athletics : RHP Chris Spice
|
Batting: RHB Devin Garrett
|
0-0: Ball 1-0: Ball 2-0: Called Strike 2-1: Ball 3-1: Ground out 5-3 (Groundball, 56, EV 102.5 MPH)
|
Batting: RHB Jake Burkhart
|
0-0: Reached on error, E4 (Groundball, 4, EV 90.6 MPH)
|
Batting: LHB Natanael Frois
|
0-0: Called Strike Jake Burkhart is caught stealing 2nd base 2-6 0-1: Ball 1-1: Fly out, F9 (Flyball, 9LSF, EV 75.6 MPH)
|
Bottom of the 6th over - 0 runs, 0 hits, 1 error, 0 left on base; Oakland (APP) 5 - Burlington 1 |
TOP OF THE 7TH |
Oakland (APP) Athletics batting - Pitching for Burlington Royals : LHP Carlos Mestanza
|
Pitching: LHP Nick Parker
|
|
Batting: LHB Dave Talbert
|
0-0: Ball 1-0: Called Strike 1-1: Ball 2-1: Foul Ball, location: 2F 2-2: Foul Ball, location: 2F 2-2: Ball 3-2: SINGLE (Groundball, 34D, EV 96.3 MPH)
|
Batting: RHB Stu Rancourt
|
0-0: Called Strike 0-1: 2-RUN HOME RUN (Flyball, 9LD, EV 98.8 MPH), Distance : 335 ft
|
Batting: LHB Koson Hirai
|
0-0: Foul Ball, location: 2F 0-1: Ball 1-1: Called Strike 1-2: Ball 2-2: DOUBLE (Line Drive, 7LM, EV 96.9 MPH)
|
Batting: RHB Javier Garcia
|
0-0: Ball 1-0: Ball 2-0: Ground out 4-3 (Groundball, 34, EV 106.3 MPH) Koson Hirai to third
|
Batting: LHB Yoshinari Nara
|
0-0: Called Strike 0-1: Ground out U3 (Groundball, 3, EV 103.8 MPH)
|
Batting: RHB Omar Quintana
|
0-0: Swinging Strike 0-1: Foul Ball, location: 2F 0-2: Ball 1-2: Ball 2-2: Foul Ball, location: 2F 2-2: Foul Ball, location: 2F 2-2: DOUBLE (Line Drive, 9LS, EV 100.6 MPH) Koson Hirai scores
|
Batting: LHB Clyde Saxton
|
0-0: Ball 1-0: Called Strike 1-1: Called Strike 1-2: Ball 2-2: Ball 3-2: Foul Ball, location: 2F 3-2: Fly out, F9 (Flyball, 8RS, EV 92.5 MPH)
|
Top of the 7th over - 3 runs, 4 hits, 0 errors, 1 left on base; Oakland (APP) 8 - Burlington 1 |
BOTTOM OF THE 7TH |
Burlington Royals batting - Pitching for Oakland (APP) Athletics : RHP Chris Spice
|
Batting: LHB Jason Smith
|
0-0: Fly out, F9 (Line Drive, 9, EV 93.1 MPH)
|
Batting: LHB Jason Mills
|
0-0: Fly out, F7 (Flyball, 7LS, EV 83.1 MPH)
|
Batting: RHB Jason Sloan
|
0-0: Called Strike 0-1: Ball 1-1: Ball 2-1: Called Strike 2-2: Ball 3-2: DOUBLE (Line Drive, 9D, EV 106.3 MPH)
|
Batting: LHB Jim Hollowell
|
0-0: Foul Ball, location: 2F 0-1: Foul Ball, location: 2F 0-2: Strikes out swinging
|
Bottom of the 7th over - 0 runs, 1 hit, 0 errors, 1 left on base; Oakland (APP) 8 - Burlington 1 |
TOP OF THE 8TH |
Oakland (APP) Athletics batting - Pitching for Burlington Royals : LHP Nick Parker
|
Batting: LHB Robert Ibarra
|
0-0: Foul Ball, location: 2F 0-1: Foul Ball, location: 2F 0-2: SINGLE (Line Drive, 8RS, EV 100.0 MPH)
|
Pitching: LHP Cameron Boone
|
|
Batting: RHB Danny Murillo
|
0-0: Swinging Strike 0-1: Foul Ball, location: 2F 0-2: SINGLE (Groundball, 56D, EV 98.8 MPH) Robert Ibarra to second
|
Batting: LHB Dave Talbert
|
0-0: Ball 1-0: Ball 2-0: SINGLE (Groundball, 56D, EV 99.4 MPH) Robert Ibarra to third Danny Murillo to second
|
Batting: RHB Stu Rancourt
|
0-0: Called Strike 0-1: Fielders Choice at 2nd, 4-6 (Groundball, 34, EV 96.9 MPH) Robert Ibarra scores Danny Murillo to third
|
Batting: LHB Koson Hirai
|
0-0: DOUBLE (Line Drive, 8RXD, EV 108.1 MPH) Danny Murillo scores Stu Rancourt to third Runner from 3rd tries for Home, throw by CF and OUT! 8-4-2
|
Batting: RHB Javier Garcia
|
0-0: Swinging Strike 0-1: Ball 1-1: Fly out, F8 (Flyball, 8LD, EV 101.9 MPH)
|
Top of the 8th over - 2 runs, 4 hits, 0 errors, 1 left on base; Oakland (APP) 10 - Burlington 1 |
BOTTOM OF THE 8TH |
Burlington Royals batting - Pitching for Oakland (APP) Athletics : RHP Chris Spice
|
Batting: LHB Lapaele Keneke
|
0-0: Ball 1-0: Ball 2-0: Foul Ball, location: 2F 2-1: Ground out 6-3 (Groundball, 4M, EV 111.9 MPH)
|
Batting: RHB Josh Tull
|
0-0: Ball 1-0: Called Strike 1-1: Ball 2-1: Ground out 5-3 (Groundball, 6S, EV 73.8 MPH)
|
Batting: RHB Devin Garrett
|
0-0: Foul Ball, location: 2F 0-1: Ball 1-1: Fly out, F7 (Flyball, 7, EV 83.8 MPH)
|
Bottom of the 8th over - 0 runs, 0 hits, 0 errors, 0 left on base; Oakland (APP) 10 - Burlington 1 |
TOP OF THE 9TH |
Oakland (APP) Athletics batting - Pitching for Burlington Royals : LHP Cameron Boone
|
Pitching: RHP Scott McGinness
|
|
Batting: LHB Yoshinari Nara
|
0-0: Ball 1-0: Called Strike 1-1: TRIPLE (Line Drive, 78XD, EV 105.0 MPH)
|
Batting: RHB Omar Quintana
|
0-0: Foul Ball, location: 2F 0-1: SINGLE (Groundball, 6D, EV 102.5 MPH) Yoshinari Nara scores
|
Batting: LHB Clyde Saxton
|
0-0: Called Strike 0-1: Foul Ball, location: 2F 0-2: Strikes out swinging
|
Batting: LHB Robert Ibarra
|
0-0: Swinging Strike 0-1: Foul Ball, location: 2F 0-2: Strikes out swinging
|
Batting: RHB Danny Murillo
|
0-0: Ball 1-0: Foul Ball, location: 2F 1-1: Ball 2-1: Foul Ball, location: 2F 2-2: Ball 3-2: Base on Balls Omar Quintana to second
|
Batting: LHB Dave Talbert
|
0-0: Hit by Pitch Omar Quintana to third Danny Murillo to second
|
Batting: RHB Stu Rancourt
|
0-0: Ball 1-0: Called Strike 1-1: Called Strike 1-2: Strikes out swinging
|
Top of the 9th over - 1 run, 2 hits, 0 errors, 3 left on base; Oakland (APP) 11 - Burlington 1 |
BOTTOM OF THE 9TH |
Burlington Royals batting - Pitching for Oakland (APP) Athletics : RHP Chris Spice
|
Batting: RHB Jake Burkhart
|
0-0: Ball 1-0: Ball 2-0: Swinging Strike 2-1: Swinging Strike 2-2: Strikes out looking
|
Pinch Hitting: RHB Bill Serrato
|
0-0: Called Strike 0-1: DOUBLE (Groundball, 5L, EV 105.0 MPH)
|
Batting: LHB Jason Smith
|
0-0: Called Strike 0-1: Ball 1-1: Swinging Strike 1-2: Strikes out swinging
|
Pinch Hitting: RHB Jeremy Goehring
|
0-0: Ball 1-0: Fly out, F9 (Flyball, 9LS, EV 98.8 MPH)
|
Bottom of the 9th over - 0 runs, 1 hit, 0 errors, 1 left on base; Oakland (APP) 11 - Burlington 1 |
|